Map: 2000 Atmospheres LE

Players

cure - Winner!

  • Race: Terran Terran

Astrea

  • Race: Protoss Protoss
  • League: Master

Event: TSL 8

VOD

Have the link to the VOD?

Description

Time

  • Played on: Nov. 28, 2021, 10:54 a.m.
  • Length: 10:37

All games in this series

Show
View Real Time Build Order
Export as new Build Order

cure Terran - Winner!

Build Orders:  

Get SALT Encoding   

  12  0:00  SCV  
  13  0:12  SCV  
  14  0:17  Supply Depot  
  14  0:24  SCV  
  15  0:39  SCV  
  15  0:40  Barracks  
  15  0:42  Refinery  
  16  0:51  SCV  
  17  1:03  SCV  
  18  1:15  SCV  
  19  1:27  Orbital Command  
  20  1:34  Command Center  
  20  1:38  Marine  
  20  1:50  Factory  
  20  1:54  SCV  
  21  2:02  Barracks Reactor  
  21  2:03  Supply Depot  
  21  2:06  SCV  
  22  2:12  Refinery  
  22  2:18  SCV  
  23  2:30  SCV  
  23  2:33  Hellion  
  26  2:38  Starport, Marine x2  
  26  2:42  SCV  
  29  2:48  Orbital Command  
  29  2:55  SCV  
  29  2:57  Marine x2  
  32  3:00  Widow Mine  
  34  3:07  SCV  
  35  3:15  Medivac  
  35  3:16  SCV  
  35  3:19  SCV  
  39  3:20  Marine x2  
  39  3:23  Factory Tech Lab  
  39  3:26  Supply Depot  
  41  3:30  SCV  
  41  3:31  SCV  
  43  3:38  Marine x2  
  43  3:46  SCV  
  43  3:47  SCV  
  45  3:50  Factory Tech Lab  
  45  3:53  Raven  
  47  3:57  Supply Depot, Marine x2  
  47  3:58  SCV  
  47  3:59  SCV  
  47  4:00  Bunker  
  51  4:07  Barracks  
  51  4:08  Refinery  
  51  4:11  SCV x2  
  51  4:16  Supply Depot  
  53  4:19  Siege Tank  
  53  4:23  Engineering Bay  
  56  4:26  SCV x2  
  56  4:29  Marine x2  
  59  4:38  SCV x2  
  61  4:47  Barracks  
  61  4:48  Terran Infantry Weapons Level 1  
  61  4:49  Supply Depot  
  61  4:50  SCV x2  
  61  4:51  Siege Tank  
  66  4:53  Marine  
  66  4:54  Marine  
  68  5:01  Stimpack, Marine  
  68  5:02  Refinery  
  68  5:05  SCV  
  68  5:06  Starport Reactor  
  70  5:11  SCV  
  70  5:13  Supply Depot, Marine  
  70  5:14  Supply Depot, Marine  
  70  5:18  SCV  
  70  5:20  Marine  
  73  5:23  SCV  
  74  5:31  SCV  
  74  5:35  SCV  
  75  5:41  Marauder, Marine x2  
  73  5:44  Medivac x2  
  73  5:46  Supply Depot, SCV  
  73  5:47  SCV  
  73  5:49  Supply Depot, Factory Reactor  
  78  5:51  Combat Shield  
  78  5:52  Marauder  
  80  6:01  Command Center  
  80  6:05  Marine x2  
  80  6:06  Marauder  
  84  6:13  Marauder, Barracks  
  84  6:15  Barracks  
  86  6:19  Medivac  
  86  6:20  Medivac  
  90  6:29  Marauder, Marine x2  
  94  6:34  SCV  
  94  6:35  Marauder, SCV  
  98  6:40  Widow Mine x2  
  102  6:49  Medivac  
  102  6:50  Medivac  
  104  6:56  Marauder x2, Marine x2  
  108  7:03  SCV x2  
  108  7:04  Widow Mine  
  108  7:05  Widow Mine  
  107  7:15  Barracks Tech Lab, Barracks Reactor  
  104  7:16  Orbital Command  
  104  7:17  Marauder, Marine x2  
  104  7:18  Marauder  
  104  7:19  Medivac  
  104  7:20  SCV x2  
  114  7:23  Terran Infantry Armor Level 1  
  103  7:52  Marauder x3, Marine x4, Orbital Command  
  103  7:53  Widow Mine x2  
  103  7:54  SCV x2  
  103  7:55  Concussive Shells  
  103  7:56  Ghost Academy  
  117  8:09  Marine x3  
  117  8:10  Marine  
  121  8:13  Marauder x2  
  121  8:16  Supply Depot x2  
  121  8:18  Marauder, Medivac, SCV x3  
  132  8:27  Marine  
  132  8:29  Enhanced Shockwaves  
  132  8:32  Refinery  
  133  8:38  SCV x3  
  135  8:43  Marauder x3, Marine x3  
  135  8:45  Marine  
  145  8:50  SCV x3  
  148  8:57  Refinery  
  148  8:58  Supply Depot  
  148  8:59  Supply Depot  
  140  9:17  Ghost x3  
  140  9:18  Marine x4  
  140  9:20  Widow Mine x2, Medivac x2  
  144  9:28  SCV  
  144  9:29  SCV x2  
  143  9:33  Engineering Bay  
  143  9:34  Supply Depot, Armory  
  143  9:36  Supply Depot  
  141  9:45  Marine x4  
  145  9:46  Widow Mine x2, Ghost x2  
  150  10:03  Ghost  
  150  10:04  Marine x4  
  154  10:16  Command Center  
Show
View Real Time Build Order
Export as new Build Order

Astrea Protoss 

Build Orders: 1 Gate Expand, Phoenix Opening, Blink Stalkers 

Get SALT Encoding   

  12  0:00  Probe  
  13  0:12  Probe  
  14  0:16  Pylon  
  14  0:24  Probe (Chrono Boost)  
  16  0:35  Gateway  
  16  0:36  Probe (Chrono Boost)  
  16  0:43  Probe (Chrono Boost)  
  16  0:45  Assimilator  
  17  0:51  Probe  
  18  1:03  Probe  
  19  1:15  Probe  
  20  1:22  Cybernetics Core  
  20  1:31  Nexus  
  20  1:34  Probe  
  21  1:40  Pylon  
  21  1:46  Probe  
  22  1:49  Assimilator  
  22  1:56  Adept (Chrono Boost)  
  22  1:58  Probe  
  22  2:01  Warp Gate  
  25  2:10  Probe  
  26  2:16  Stalker (Chrono Boost)  
  26  2:22  Probe  
  29  2:35  Twilight Council  
  29  2:36  Probe (Chrono Boost)  
  30  2:43  Probe (Chrono Boost)  
  31  2:48  Gateway  
  33  2:52  Probe x2 (Chrono Boost)  
  33  2:57  Probe (Chrono Boost)  
  33  2:59  Probe  
  33  3:04  Sentry  
  37  3:09  Probe  
  37  3:11  Probe  
  37  3:12  Blink (Chrono Boost)  
  39  3:15  Pylon  
  39  3:21  Probe  
  39  3:23  Probe  
  41  3:33  Probe  
  42  3:38  Phoenix  
  41  3:42  Nexus  
  41  3:44  Probe  
  41  3:45  Probe  
  43  3:49  Stalker x2  
  43  3:54  Pylon  
  47  3:56  Probe  
  47  3:57  Probe  
  49  4:07  Robotics Facility  
  49  4:08  Assimilator  
  49  4:09  Probe x2  
  51  4:16  Stalker  
  53  4:19  Stalker  
  53  4:21  Probe x2  
  55  4:33  Probe  
  55  4:34  Probe  
  55  4:38  Assimilator  
  57  4:39  Pylon  
  57  4:43  Stalker x2  
  62  4:45  Probe (Chrono Boost)  
  62  4:48  Pylon  
  62  4:54  Probe (Chrono Boost), Charge  
  62  4:55  Probe (Chrono Boost)  
  65  5:03  Probe (Chrono Boost)  
  65  5:04  Probe (Chrono Boost)  
  65  5:05  Probe (Chrono Boost)  
  65  5:06  Pylon  
  65  5:09  Probe (Chrono Boost)  
  65  5:10  Probe x2 (Chrono Boost)  
  68  5:14  Templar Archives  
  68  5:20  Observer, Probe  
  70  5:21  Probe x2  
  72  5:29  Stalker x2  
  70  5:36  Probe  
  70  5:39  Probe  
  70  5:40  Probe  
  69  5:44  Gateway  
  69  5:46  Gateway  
  69  5:48  Psionic Storm, Probe  
  69  5:49  Gateway  
  70  5:51  Gateway  
  70  5:52  Probe (Chrono Boost)  
  70  5:53  Probe (Chrono Boost)  
  72  6:04  Probe (Chrono Boost)  
  72  6:06  Probe (Chrono Boost)  
  72  6:10  Probe (Chrono Boost)  
  71  6:14  Probe (Chrono Boost)  
  71  6:15  Probe (Chrono Boost)  
  74  6:20  High Templar  
  74  6:21  Probe x2 (Chrono Boost)  
  74  6:22  Probe (Chrono Boost), Shield Battery  
  74  6:23  Pylon  
  78  6:28  Probe  
  78  6:29  High Templar  
  78  6:30  Probe  
  78  6:31  Probe  
  83  6:33  Gateway  
  83  6:34  Gateway  
  83  6:41  Immortal  
  83  6:42  Zealot x2  
  83  6:44  Zealot  
  83  6:46  Zealot  
  89  6:57  Zealot  
  88  7:01  Observer  
  88  7:04  Probe  
  88  7:05  Zealot x4  
  91  7:10  Stalker  
  91  7:11  Probe (Chrono Boost)  
  91  7:14  Probe (Chrono Boost)  
  95  7:21  High Templar  
  99  7:23  Probe x2 (Chrono Boost)  
  99  7:27  Probe (Chrono Boost)  
  99  7:28  Probe (Chrono Boost)  
  101  7:33  Pylon  
  101  7:34  Pylon  
  101  7:40  Assimilator, Probe x2  
  101  7:42  Assimilator  
  101  7:47  Zealot x2  
  101  7:49  Zealot x2  
  101  7:52  High Templar x3  
  101  7:53  Zealot  
  101  7:55  Probe x3  
  112  7:59  Shield Battery  
  112  8:01  Warp Prism (Chrono Boost)  
  112  8:02  Pylon  
  112  8:05  Forge  
  114  8:07  Forge  
  114  8:14  High Templar  
  114  8:16  Pylon  
  116  8:26  Nexus  
  115  8:30  Observer (Chrono Boost)  
  115  8:31  Pylon  
  116  8:36  Zealot x7  
  116  8:38  Pylon  
  126  8:42  Observer (Chrono Boost)  
  126  8:52  Robotics Bay  
  126  8:55  Robotics Facility  
  126  8:57  Probe x3  
  129  9:03  Zealot x2  
  129  9:08  Pylon  
  107  9:17  Zealot x4  
  107  9:18  Zealot x2  
  107  9:23  Archon  
  102  9:28  Stalker x2  
  94  9:39  Stalker  
  94  9:40  Stalker x2  
  94  9:41  Zealot  
  98  9:51  Zealot  
  100  9:55  Pylon  
  100  10:07  Pylon  
  100  10:14  Pylon  
Tags
 
Add a new tag
Caveats
  • Supply blocks, unpowered buildings, or Contaminate may cause inaccurate times.
  • Supply counts are checked every 10 seconds.